 Dungeon Crawl Stone Soup version 0.13-a0-1536-gedae9ec (webtiles) character file.

1962 Kae the Basher (level 8, -2/68 HPs)
             Began as a Minotaur Chaos Knight on June 10, 2013.
             Was a Plaything of Xom.
             Slain by a wight
             ... wielding a cursed +2,+2 battleaxe of freezing
              (8 damage)
             ... on Level 6 of the Dungeon.
             The game lasted 00:13:19 (5537 turns).

Kae the Basher (Minotaur Chaos Knight)              Turns: 5537, Time: 00:13:20

HP  -2/68        AC  8     Str 17      XL: 8   Next: 73%
MP   3/3         EV 13     Int  9      God: Xom
Gold 259         SH  0     Dex 12      Spells:  0 memorised,  7 levels left

Res.Fire  : . . .   See Invis. : .   a - +5,-3 mace (chaos)
Res.Cold  : . . .   Warding    : .   b - +3 leather armour
Life Prot.: . . .   Conserve   : .   (no shield)
Res.Poison: .       Res.Corr.  : .   (helmet restricted)
Res.Elec. : .       Clarity    : .   s - +0 cloak
Sust.Abil.: . .     Spirit.Shd : .   (no gloves)
Res.Mut.  : .       Stasis     : .   (no boots)
Res.Rott. : .       Flight     : .   (no amulet)
Saprovore : . . .                    (no ring)
                                     (no ring)

@: slightly resistant to hostile enchantments, very unstealthy
A: retaliatory headbutt, horns 2, blurry vision 1, Str -1
a: Renounce Religion


You were on level 6 of the Dungeon.
You worshipped Xom.
You were a plaything of Xom.
You were hungry.

You visited 2 branches of the dungeon, and saw 8 of its levels.

You collected 239 gold pieces.

Inventory:

Hand weapons
 a - a +5,-3 mace of chaos (weapon)
Armour
 b - a +3 leather armour (worn)
 s - a +0 cloak (worn)
Comestibles
 c - 6 bread rations
 i - 10 strawberries
 l - a choko
 q - a chunk of rat flesh
 C - an apple
Scrolls
 f - a scroll of fear
 g - 11 scrolls of identify
 t - 5 scrolls of remove curse
 u - 3 scrolls of fog
 v - 3 scrolls of teleportation
 x - a scroll of blinking
Potions
 d - 2 potions of restore abilities {unknown}
 e - a potion of degeneration {unknown}
 j - a potion of speed {unknown}
 m - a potion of poison {unknown}
 n - a potion of agility {unknown}
 o - a potion of paralysis {unknown}
 p - 3 potions of curing {unknown}
 w - a potion of beneficial mutation {unknown}
 z - 2 potions of might {unknown}
 B - a potion of cure mutation {unknown}
 D - a potion of heal wounds {unknown}
Books
 h - Xom's Catalogue of the Vacuum
   (Xom gifted it to you on level 6 of the Dungeon)

   Spells                             Type                      Level
   Sticks to Snakes                   Transmutation                2
   Control Undead                     Necromancy                   4
   Alistair's Intoxication            Transmutation/Poison         4
   Ignite Poison                      Fire/Transmutation           5
   Twisted Resurrection               Necromancy                   5


   Skills:
 + Level 7.0 Fighting
 * Level 9.2 Maces & Flails
 + Level 6.4 Armour
 + Level 5.8 Dodging


You had 7 spell levels left.
You didn't know any spells.

Dungeon Overview and Level Annotations

Branches:
Dungeon (7/27)             Temple (1/1) D:6
    Orc: D:6-11

Altars:
Ashenzari
Cheibriados
Elyvilon
Fedhas
Kikubaaqudgha
Makhleb
Nemelex Xobeh
Okawaru
Sif Muna
Trog
Vehumet
Yredelemnul
the Shining One

Annotations
D:7 Joseph


Innate Abilities, Weirdness & Mutations

You reflexively headbutt those who attack you in melee.
You have a pair of horns on your head.
Your vision is a little blurry.
You are weak (Str -1).


Message History

You furiously retaliate!
You headbutt the wight. You hit the wight but do no damage.
The wight is moderately damaged.
The wight hits you with a runed battleaxe!
You feel drained.
You are now level 8!
The wight freezes you.
You hit the wight.
The wight is moderately damaged.
You hit the wight but do no damage.
The wight is moderately damaged.
The wight closely misses you. You furiously retaliate!
You headbutt the wight.
A wight comes into view. It is wielding a glowing trident.
You hit the wight but do no damage.
The wight is heavily damaged.
The wight hits you with a battleaxe of freezing!
* * * LOW HITPOINT WARNING * * *
You feel drained.
You die...
Xom roars with laughter!

..^#.# #.# #..# #....##)#.)..
.....####.####..#####....##)##.##
#..............................##
#...#####.#####z#####.#####.####♣
##.## #.# ###.#####.# #.# #♣. #.#
#.# #.[.......# #.# #♣. #.# #.#
#...).....# #.# #♣. #.# #.#
#...z.....# #.####♣ #.# #.#
#...@.....# #.##.## #.# #.#
#.........#####.##.#. #.# #.#
#....)............... #.# #.#
#.....>...#####.##.## #.# #.#
#########.# #.##.# ##.# #.#
######.#####.##.##
...######.######.................
...............................##
...##............................


You could see 2 wights.

Vanquished Creatures
  Pikel (D:6)
  A baby alligator (D:6)
  The ghost of Kae the Sneak, an average SpEn (D:4)
  2 sky beasts
  A giant goldfish (D:6)
  An ogre (D:3)
  A phantom (D:6)
  A slave (D:6)
  A jellyfish (D:6)
  Duvessa (D:4)
  A sky beast zombie (D:5)
  2 wights (D:6)
  Dowan (D:4)
  2 orc priests
  3 orc wizards
  2 jellies (D:6)
  2 worker ants (D:6)
  6 adders
  3 gnolls (D:6)
  An adder skeleton (D:7)
  2 giant mites
  9 worms
  2 bat skeletons
  4 giant geckos
  22 orcs
  13 bats
  6 giant cockroaches
  17 hobgoblins
  A jackal (shapeshifter) (D:1)
  11 jackals
  14 kobolds
  4 quokkas
  A ball python (D:1)
  7 giant newts
  19 goblins
  A kobold skeleton (D:6)
  13 rats
  3 butterflies (D:6)
183 creatures vanquished.

Vanquished Creatures (collateral kills)
  An orc priest (D:6)
1 creature vanquished.

Vanquished Creatures (others)
  3 slaves (D:6)
  A sky beast zombie (D:6)
  An orc priest (D:6)
  A giant gecko (D:1)
  An orc (D:6)
  A giant newt (D:1)
8 creatures vanquished.

Grand Total: 192 creatures vanquished

Notes
Turn   | Place    | Note
--------------------------------------------------------------
     0 | D:1      | Kae, the Minotaur Chaos Knight, began the quest for the Orb.
     0 | D:1      | Reached XP level 1. HP: 17/17 MP: 1/1
   102 | D:1      | Reached XP level 2. HP: 5/24 MP: 1/1
   202 | D:1      | XOM: divination: detect creatures
   314 | D:1      | Reached skill level 4 in Maces & Flails
   733 | D:1      | XOM: divination: magic mapping
   749 | D:1      | XOM: potion effect (berserk)
   750 | D:1      | Reached XP level 3. HP: 30/30 MP: 2/2
   908 | D:2      | Found a shattered altar of Ashenzari.
  1122 | D:2      | Reached XP level 4. HP: 38/38 MP: 2/2
  1259 | D:2      | XOM: harmless Conj miscast
  1497 | D:3      | Noticed an ogre
  1501 | D:3      | XOM: noise
  1503 | D:3      | Killed an ogre
  1503 | D:3      | Reached skill level 5 in Maces & Flails
  1503 | D:3      | Reached XP level 5. HP: 34/44 MP: 2/2
  2002 | D:3      | Reached XP level 6. HP: 47/51 MP: 3/3
  2014 | D:3      | XOM: potion effect (agility)
  2195 | D:3      | XOM: divination: detect creatures
  2363 | D:4      | Noticed Kae's ghost (average SpEn)
  2371 | D:4      | Killed Kae's ghost
  2371 | D:4      | Reached skill level 5 in Fighting
  2371 | D:4      | Reached skill level 6 in Maces & Flails
  2451 | D:4      | XOM: enchant monster (good)
  2593 | D:4      | XOM: 1-stop teleportation journey
  2658 | D:4      | Noticed Duvessa
  2659 | D:4      | Noticed Dowan
  2663 | D:4      | XOM: enchant monster (good)
  2675 | D:4      | Killed Duvessa
  2675 | D:4      | Reached XP level 7. HP: 6/58 MP: 3/3
  2888 | D:4      | Killed Dowan
  2904 | D:4      | XOM: vitrification
  3425 | D:5      | Entered Level 5 of the Dungeon
  3451 | D:5      | Reached skill level 7 in Maces & Flails
  3464 | D:5      | Gained mutation: Your muscles are strong, but stiff (Str +1, Dex -1). [mutagenic meat]
  3465 | D:5      | Gained mutation: Your vision is a little blurry. [mutagenic meat]
  3466 | D:5      | Lost mutation: Your muscles are strong, but stiff (Str +1, Dex -1). [mutagenic meat]
  3833 | D:5      | XOM: silly message
  3876 | D:6      | Found a staircase to the Ecumenical Temple.
  3915 | D:6      | XOM: divination: detect items
  3918 | Temple   | Entered the Ecumenical Temple
  3973 | Temple   | XOM: harmless Fire miscast
  4125 | D:6      | Reached skill level 5 in Armour
  4127 | D:6      | XOM: potion effect (invisibility)
  4159 | D:6      | XOM: potion effect (agility)
  4160 | D:6      | XOM: harmless Conj miscast
  4167 | D:6      | Reached XP level 8. HP: 56/67 MP: 3/3
  4180 | D:6      | Noticed a baby alligator
  4180 | D:6      | a giant goldfish changed into a baby alligator
  4189 | D:6      | Killed a baby alligator
  4189 | D:6      | Reached skill level 5 in Dodging
  4235 | D:6      | Reached skill level 8 in Maces & Flails
  4493 | D:6      | XOM: god gift: droning book {god gift}
  4494 | D:6      | Identified Xom's Catalogue of the Vacuum (Xom gifted it to you on level 6 of the Dungeon)
  4614 | D:6      | Noticed Pikel
  4615 | D:6      | XOM: confusion (+ monsters)
  4625 | D:6      | XOM: harmless Ice miscast
  4638 | D:6      | Killed Pikel
  4722 | D:6      | XOM: confusion
  4760 | D:6      | XOM: harmless Hex miscast
  4931 | D:6      | XOM: medium Tloc miscast
  4944 | D:6      | XOM: give mutation
  4944 | D:6      | Gained mutation: You are weak (Str -1). [Xom's mischief]
  5090 | D:6      | XOM: silly message
  5100 | D:6      | Reached skill level 9 in Maces & Flails
  5100 | D:6      | Reached XP level 9. HP: 46/73 MP: 4/4
  5213 | D:6      | Found a white marble altar of Elyvilon.
  5294 | D:7      | Noticed Joseph
  5303 | D:7      | XOM: blink monster(s)
  5534 | D:6      | Reached XP level 8. HP: 32/68 MP: 3/3
  5537 | D:6      | Slain by a wight

Action                   |  1- 3 |  4- 6 |  7- 9 || total
-------------------------+-------+-------+-------++-------
Melee: Mace              |   117 |   146 |   286 ||   549
  Use: Scroll            |       |       |    18 ||    18
 Stab: Paralysed         |       |     4 |     8 ||    12
       Petrifying        |       |     1 |       ||     1
       Petrified         |       |     1 |       ||     1
       Invisible         |       |       |    10 ||    10
       Confused          |       |       |     1 ||     1
